 Dungeon Crawl Stone Soup version 0.24.1-8-ga250c9d538 (webtiles) character file.

Game seed: 4353433409121302186, levelgen mode: deterministic

779 Gruesph the Spear-Bearer (level 7, -1/60 HPs)
             Began as a Naga Gladiator on May 9, 2020.
             Was a Follower of Cheibriados.
             Slain by an ogre
             ... wielding a +0 giant club
              (16 damage)
             ... on level 4 of the Dungeon.
             The game lasted 00:18:58 (5391 turns).

Gruesph the Spear-Bearer (Naga Gladiator)           Turns: 5391, Time: 00:18:59

Health: -1/60      AC:  9    Str: 18    XL:     7   Next: 85%
Magic:  7/7        EV:  8    Int: 12    God:    Cheibriados [*.....]
Gold:   236        SH:  0    Dex: 15    Spells: 6/6 levels left

rFire    . . .     SeeInvis +   a - +0 trident
rCold    . . .     Gourm    .   (no shield)
rNeg     . . .     Faith    +   y - +0 scale mail
rPois    +         Spirit   .   l - +1 helmet
rElec    .         Reflect  .   o - +0 cloak {MR+}
rCorr    .         Harm     .   e - +0 pair of gloves
MR       +....                  (no barding)
Stlth    +.........             n - amulet of faith
HPRegen  0.20/turn              (no ring)
MPRegen  0.10/turn              (no ring)

@: very slightly contaminated, heavily drained, invisible, very slow
A: large, see invisible, deformed body, poison resistance, slowness 2, slow
metabolism 1, spit poison 1, AC +2
a: Spit Poison, Bend Time, Renounce Religion


You were on level 4 of the Dungeon.
You worshipped Cheibriados.
Cheibriados was aware of your devotion.
You were not hungry.

You visited 1 branch of the dungeon, and saw 5 of its levels.

You collected 236 gold pieces.

Inventory:

Hand Weapons
 a - a +0 trident (weapon)
 b - a +0 hunting sling
Missiles
 d - 2 throwing nets
 u - 14 sling bullets
 v - 119 stones (quivered)
Armour
 e - a +0 pair of gloves (worn)
 l - a +1 helmet (worn)
 o - a +0 cloak of magic resistance (worn)
 y - a +0 scale mail (worn)
Jewellery
 n - an amulet of faith (around neck)
Wands
 i - a wand of flame (14)
Scrolls
 g - 5 scrolls of amnesia
 q - a scroll of teleportation
 r - 3 scrolls of remove curse
 w - a scroll of fear {unknown}
Potions
 c - a potion of curing
 h - 3 potions of heal wounds
 j - 2 potions of brilliance
 k - 2 potions of agility
 m - 2 potions of mutation
 p - a potion of degeneration {unknown}
 s - a potion of invisibility
 t - a potion of might
Comestibles
 f - 4 rations


   Skills:
 - Level 2.0(0.9) Fighting
 + Level 8.1(6.9) Polearms
 - Level 1.7(0.7) Throwing
 - Level 2.4(1.3) Dodging
 - Level 5.7(4.5) Stealth


You had 6 spell levels left.
You didn't know any spells.
Your spell library was empty.

Dungeon Overview and Level Annotations

Branches:
Dungeon (5/15)
 Temple: D:4-7

Altars:
Cheibriados
Nemelex Xobeh
Okawaru
The Shining One


Innate Abilities, Weirdness & Mutations

You cannot wear boots.
Your serpentine skin is tough. (AC +2)
You have supernaturally acute eyesight. (SInv)
Armour fits poorly on your strangely shaped body.
Your system is resistant to poisons. (rPois)
You cover ground very slowly.
You have a slow metabolism.
You can spit poison.


Message History

You have got your breath back.
You strike the helpless ogre from behind!
You hit the ogre.
The ogre is severely wounded.
The ogre hits you with a +0 giant club!
* * * LOW HITPOINT WARNING * * *
You hit the ogre but do no damage. The bullfrog skeleton hits you.
* * * LOW HITPOINT WARNING * * *
You puncture the ogre!
The ogre is moderately wounded.
The ogre closely misses you.
The bullfrog skeleton hits you but does no damage.
You catch the helpless ogre completely off-guard!
You hit the ogre.
The ogre is heavily wounded.
The bullfrog skeleton barely misses you. x2
You hit the ogre but do no damage.
The ogre is severely wounded.
The ogre hits you with a +0 giant club!
You die...

####### ############### #
##### ## #...# .### #._.#
...## #...# ....####
###.###
.......#####8.†.8## #..
#......##.........##.....
###.....).......@Z.....(.
####......†...OO....###
#####.#.....######
###.##### ###


You could see 2 ogres and a bullfrog skeleton.

Vanquished Creatures
  Eustachio (D:4)
  A sky beast (D:3)
  A phantom (D:3)
  2 scorpions
  A hound (D:3)
  An iguana (D:4)
  Natasha (thrice) (D:3)
  An orc wizard (D:5)
  3 worker ants
  4 gnolls (D:2)
  4 adders
  An adder skeleton (D:4)
  3 worms
  2 dart slugs
  A leopard gecko (D:3)
  3 orcs
  6 giant cockroaches
  6 goblins
  10 hobgoblins
  A quokka (D:4)
  4 bats
  5 frilled lizards
  6 kobolds
  A leopard gecko skeleton (D:5)
  7 rats
78 creatures vanquished.

Notes
Turn   | Place    | Note
-------+----------+-------------------------------------------
     0 | D:1      | Gruesph the Naga Gladiator began the quest for the Orb.
     0 | D:1      | Reached XP level 1. HP: 19/19 MP: 1/1
    54 | D:1      | Reached skill level 1 in Stealth
   271 | D:1      | Reached XP level 2. HP: 26/26 MP: 2/2
   886 | D:2      | Reached XP level 3. HP: 29/32 MP: 3/3
  1388 | D:2      | Reached skill level 4 in Polearms
  1388 | D:2      | Reached XP level 4. HP: 5/39 MP: 4/4
  2667 | D:3      | Noticed a sky beast
  2677 | D:3      | Killed a sky beast
  2677 | D:3      | Reached skill level 5 in Stealth
  2677 | D:3      | Reached XP level 5. HP: 22/45 MP: 5/5
  2950 | D:3      | Noticed Natasha
  2960 | D:3      | Killed Natasha
  2960 | D:3      | Reached skill level 5 in Polearms
  2960 | D:3      | Reached XP level 6. HP: 47/52 MP: 6/6
  3112 | D:3      | Found a sparkling altar of Nemelex Xobeh.
  3229 | D:3      | Noticed a phantom
  3249 | D:3      | Found a snail-covered altar of Cheibriados.
  3281 | D:3      | Killed a phantom
  3287 | D:3      | Became a worshipper of Cheibriados the Contemplative
  3435 | D:3      | You fall into a shaft and drop 2 floors!
  3435 | D:5      | Entered Level 5 of the Dungeon
  3475 | D:5      | Reached skill level 6 in Polearms
  3691 | D:4      | Noticed Eustachio
  3713 | D:4      | Killed Eustachio
  3713 | D:4      | Reached skill level 7 in Polearms
  3713 | D:4      | Reached XP level 7. HP: 40/60 MP: 7/7
  4150 | D:3      | Noticed Natasha
  4164 | D:3      | Killed Natasha
  4176 | D:3      | Noticed Natasha
  4184 | D:3      | Killed Natasha
  4781 | D:4      | Found an iron altar of Okawaru.
  5055 | D:4      | Reached skill level 8 in Polearms
  5062 | D:4      | Reached * piety under Cheibriados
  5363 | D:4      | Found a glowing golden altar of the Shining One.
  5391 | D:4      | Slain by an ogre

Levels and vault maps discovered:
D:1:      dpeg_arrival_prison, layout_loops_ring
D:2:      layout_rooms, minmay_unequal
D:3:      wander_river, layout_loops_ring, cheibriados_altar_1,
          nemelex_spade_bored_becter, uniq_natasha
D:4:      layout_basic, nicolae_tso_carved_into_rock, first_ration,
          st_stairs_14, okawaru_gym_becter, uniq_eustachio
D:5:      minmay_angry_zag, layout_rooms, kennysheep_mini_moat,
          lemuel_round_altar, minmay_guarded_unrand_staff_of_olgreb

Skill      XL: |  1  2  3  4  5  6  7 |
---------------+----------------------+-----
Stealth        | 1 2 4 5 |  5.7
Polearms       | 4 5 7 8 |  8.1
Fighting       | |  2.0
Throwing       | |  1.7
Dodging        | |  2.4

Action                   |  1- 3 |  4- 6 |  7- 9 || total
-------------------------+-------+-------+-------++-------
Melee: Trident           |    80 |   133 |   102 ||   315
 Fire: Hunting sling     |     4 |    21 |       ||    25
Throw: Throwing net      |       |     1 |       ||     1
       Stone             |       |       |     2 ||     2
 Abil: Spit Poison       |     1 |    10 |     5 ||    16
Evoke: Wand              |       |       |     3 ||     3
  Use: Potion            |       |     5 |     1 ||     6
       Scroll            |       |       |     9 ||     9
 Stab: Sleeping          |     3 |     7 |       ||    10
       Invisible         |       |       |     3 ||     3
       Distracted        |       |       |     1 ||     1
  Eat: Chunk             |     1 |     3 |     1 ||     5
       Ration            |       |     1 |     1 ||     2
Armor: Leather armour    |    19 |     7 |       ||    26
       Ring mail         |       |    21 |     8 ||    29
       Scale mail        |       |       |    33 ||    33
Dodge: Dodged            |    29 |    40 |    36 ||   105
